Map: Seething Jungle

Players

JohnMcClane - Winner!

  • Race: Terran Terran
  • League: Silver
  • Spawn Location: 7:00

Hindulaatti - Winner!

  • Race: Protoss Protoss
  • Spawn Location: 6:00

GreenminD

  • Race: Zerg Zerg
  • Spawn Location: 1:00

iDeFreez

  • Race: Terran Terran
  • Spawn Location: 12:00

VOD

Have the link to the VOD?

Description

Time

  • Played on: Feb. 2, 2016, 5:13 a.m.
  • Length: 10:28
Show
View Real Time Build Order
Export as new Build Order

JohnMcClane Terran - Winner!

Build Orders: MMM Bio 

Get SALT Encoding   

  12  0:01  SCV  
  13  0:13  SCV  
  14  0:22  Supply Depot  
  14  0:25  SCV  
  15  0:43  SCV  
  15  0:47  Barracks  
  16  0:55  Refinery, SCV  
  17  1:07  SCV  
  17  1:10  Refinery  
  18  1:20  SCV  
  19  1:32  SCV  
  20  1:41  Supply Depot  
  20  1:47  Command Center  
  20  2:03  Barracks Reactor  
  20  2:06  Factory  
  20  2:17  Orbital Command  
  20  2:56  Starport, Barracks Tech Lab  
  20  2:58  Widow Mine  
  20  2:59  Widow Mine  
  20  3:03  SCV  
  25  3:06  Orbital Command  
  25  3:13  Supply Depot  
  25  3:15  SCV  
  26  3:22  Stimpack  
  26  3:27  Widow Mine x2  
  30  3:41  Barracks  
  30  3:51  SCV x2  
  32  3:56  Widow Mine, Starport Reactor  
  32  4:00  Widow Mine  
  36  4:03  SCV  
  37  4:15  Marauder  
  39  4:21  Barracks  
  39  4:25  SCV  
  39  4:42  SCV  
  40  4:46  Supply Depot  
  40  4:47  Supply Depot  
  40  4:51  Medivac x2  
  40  4:52  Marauder  
  46  4:54  Marine  
  47  5:07  Barracks  
  47  5:10  SCV x2  
  47  5:12  Marine  
  47  5:13  Marine  
  51  5:25  Barracks Reactor  
  51  5:30  Combat Shields  
  51  5:31  Marauder  
  51  5:35  Supply Depot  
  53  5:37  Supply Depot  
  53  5:41  Engineering Bay  
  53  5:42  Engineering Bay  
  53  5:45  Supply Depot  
  53  5:47  Marine  
  54  5:53  Marauder  
  56  5:57  Medivac  
  56  6:00  Barracks Reactor  
  56  6:03  Marine x2  
  60  6:14  Marauder  
  60  6:15  SCV x2  
  64  6:21  Marine x2  
  64  6:23  Terran Infantry Weapons Level 1  
  64  6:24  Terran Infantry Armor Level 1  
  66  6:32  Armory  
  66  6:34  Marine  
  66  6:35  Refinery  
  66  6:36  Marauder  
  66  6:39  Marine  
  70  6:51  Marine x2  
  70  6:53  Barracks Reactor  
  72  6:57  Marauder  
  74  7:09  Marine  
  74  7:10  Marine x2  
  74  7:12  Hellion x2  
  81  7:18  Marauder  
  82  7:40  Marauder  
  84  7:45  Marine  
  83  8:01  Marauder  
  83  8:05  Marine x3  
  88  8:11  Terran Vehicle Weapons Level 1, Marine  
  88  8:12  Marine  
  90  8:18  Medivac x2  
  94  8:25  Supply Depot  
  94  8:27  Supply Depot  
  94  8:29  Supply Depot  
  94  8:33  Marauder  
  72  8:44  Marine x4  
  72  8:45  Marine  
  81  8:48  Hellbat x2  
  81  8:53  Refinery  
  81  8:54  Marauder  
  83  8:58  Supply Depot  
  83  9:00  Supply Depot  
  83  9:05  Medivac x2, Barracks  
  83  9:07  Barracks  
  87  9:15  Marauder  
  89  9:20  Marine x2  
  91  9:37  Marauder  
  93  9:38  Marine x2  
  93  9:41  Marine  
  90  9:48  Marine  
  91  9:58  Marauder  
Show
View Real Time Build Order
Export as new Build Order

Hindulaatti Protoss - Winner!

Build Orders: Oracle Opening 

Get SALT Encoding   

  12  0:01  Probe (Chrono Boost)  
  13  0:12  Probe (Chrono Boost)  
  14  0:19  Pylon  
  14  0:23  Probe (Chrono Boost)  
  15  0:38  Gateway, Probe (Chrono Boost)  
  16  0:48  Probe (Chrono Boost)  
  17  0:59  Probe (Chrono Boost)  
  17  1:00  Assimilator  
  18  1:09  Probe (Chrono Boost)  
  19  1:24  Pylon  
  19  1:26  Cybernetics Core  
  19  1:29  Probe (Chrono Boost)  
  20  1:38  Assimilator  
  20  1:39  Probe (Chrono Boost)  
  21  1:50  Probe (Chrono Boost)  
  22  1:59  Nexus  
  22  2:00  Probe (Chrono Boost)  
  23  2:03  Warp Gate  
  23  2:05  Adept  
  25  2:13  Probe (Chrono Boost)  
  26  2:21  Pylon  
  26  2:24  Probe (Chrono Boost)  
  27  2:35  Probe (Chrono Boost)  
  28  2:42  Pylon  
  28  2:43  Adept  
  30  2:50  Stargate  
  30  3:00  Probe (Chrono Boost)  
  31  3:07  Pylon  
  31  3:08  Pylon  
  31  3:11  Adept  
  33  3:32  Gateway x2  
  33  3:34  Pylon  
  33  3:35  Oracle  
  36  3:47  Probe x2 (Chrono Boost)  
  36  4:03  Probe x2 (Chrono Boost)  
  38  4:11  Phoenix  
  40  4:22  Gateway  
  40  4:26  Pylon  
  40  4:27  Adept  
  42  4:40  Phoenix  
  42  4:42  Adept x2  
  48  4:49  Adept  
  41  5:05  Zealot x2  
  45  5:17  Probe x2 (Chrono Boost)  
  45  5:18  Gateway  
  45  5:19  Assimilator  
  45  5:21  Assimilator  
  47  5:25  Pylon  
  47  5:27  Twilight Council  
  47  5:28  Robotics Facility, Adept x2  
  47  5:30  Zealot  
  47  5:31  Sentry  
  55  5:38  Probe x2 (Chrono Boost)  
  57  5:48  Phoenix  
  59  5:50  Probe (Chrono Boost)  
  60  6:00  Sentry x2  
  60  6:01  Sentry  
  66  6:05  Zealot  
  66  6:08  Probe x2 (Chrono Boost)  
  72  6:18  Probe x2 (Chrono Boost)  
  72  6:27  Zealot x4  
  72  6:29  Probe x2 (Chrono Boost), Sentry  
  84  6:35  Observer  
  85  6:40  Resonating Glaives  
  85  6:43  Probe (Chrono Boost)  
  85  6:44  Probe (Chrono Boost)  
  87  7:00  Probe x2 (Chrono Boost)  
  89  7:23  Phoenix  
  89  7:25  Observer  
  89  7:28  Probe x2 (Chrono Boost)  
  94  7:30  Stalker x4  
  102  7:40  Nexus  
  102  7:44  Pylon  
  102  7:52  Pylon  
  102  7:55  Pylon x2  
  102  8:02  Probe x2 (Chrono Boost)  
  104  8:10  Dark Shrine  
  104  8:12  Adept x5  
  114  8:13  Probe x2 (Chrono Boost)  
  116  8:31  Oracle  
  119  8:48  Assimilator  
  119  8:49  Assimilator  
  119  8:53  Adept x5  
  128  9:20  Sentry x4  
  128  9:21  Adept  
  138  9:44  Forge  
  128  9:48  Forge  
  104  10:14  Stalker x3  
  104  10:15  Dark Templar x2  
Show
View Real Time Build Order
Export as new Build Order

GreenminD Zerg 

Build Orders: Hatch First 

Get SALT Encoding   

  12  0:01  Drone  
  13  0:10  Drone  
  14  0:17  Overlord  
  14  0:35  Drone  
  14  0:36  Drone x2  
  17  0:48  Drone  
  18  1:03  Drone  
  19  1:07  Hatchery  
  18  1:14  Spawning Pool  
  18  1:17  Drone  
  18  1:20  Extractor  
  18  1:21  Drone  
  18  1:30  Drone  
  19  1:40  Overlord  
  19  1:56  Drone  
  19  2:00  Queen  
  22  2:02  Drone  
  23  2:12  Drone  
  24  2:19  Queen  
  24  2:20  Drone  
  27  2:23  Drone  
  27  2:26  Metabolic Boost  
  28  2:31  Drone, Spine Crawler  
  28  2:36  Drone  
  29  2:43  Drone  
  30  2:48  Zergling x2  
  31  2:54  Overlord  
  31  2:57  Spore Crawler  
  30  3:03  Drone x2  
  32  3:26  Zergling x2  
  35  3:27  Zergling x10  
  35  3:32  Drone x3  
  41  3:35  Extractor  
  41  3:37  Spore Crawler  
  39  3:41  Spine Crawler  
  39  3:42  Lair  
  39  3:43  Drone, Extractor  
  39  3:44  Drone  
  38  4:02  Drone  
  39  4:03  Drone x4  
  39  4:04  Overlord x2  
  43  4:22  Overlord x2  
  38  4:54  Roach Warren  
  38  4:56  Drone  
  38  4:57  Drone x10  
  48  5:07  Extractor  
  47  5:14  Evolution Chamber  
  46  5:15  Evolution Chamber, Spine Crawler  
  46  5:16  Drone x4  
  48  5:27  Hatchery  
  48  5:28  Spine Crawler  
  46  5:37  Spore Crawler  
  45  5:45  Glial Reconstitution  
  45  5:47  Drone  
  46  5:52  Hydralisk Den  
  46  5:55  Spore Crawler  
  44  6:06  Spore Crawler, Roach x9  
  61  6:23  Overlord x2  
  61  6:29  Spore Crawler  
  61  6:32  Spore Crawler  
  59  6:33  Muscular Augments  
  59  6:39  Queen  
  61  6:42  Drone x2  
  61  6:43  Drone x2  
  65  6:53  Drone x4  
  69  7:00  Drone  
  70  7:05  Hydralisk  
  70  7:06  Hydralisk  
  74  7:12  Hydralisk x2  
  76  7:25  Hydralisk  
  76  7:26  Hydralisk x3  
  76  7:41  Overlord x2  
  76  8:07  Hydralisk x4  
  76  8:08  Hydralisk x4  
  76  8:11  Overlord  
  76  8:12  Overlord  
  92  8:13  Overseer  
  92  8:30  Zerg Ground Armor Level 1, Zerg Missile Weapons Level 1  
  92  8:40  Hatchery  
  90  8:46  Hydralisk x3  
  90  8:47  Hydralisk x3  
  102  8:53  Spore Crawler  
  101  9:04  Overseer  
  101  9:11  Pneumatized Carapace  
  101  9:30  Hydralisk x3  
  107  9:33  Overlord  
  107  9:34  Overlord x2  
  73  9:59  Hydralisk  
  57  10:00  Hydralisk x6  
Show
View Real Time Build Order
Export as new Build Order

iDeFreez Terran 

Build Orders: MMM Bio 

Get SALT Encoding   

  12  0:00  SCV  
  13  0:13  SCV  
  14  0:17  Supply Depot  
  14  0:25  SCV  
  15  0:39  SCV  
  15  0:41  Barracks  
  16  0:51  SCV  
  16  0:54  Barracks  
  17  1:03  SCV  
  18  1:05  Refinery  
  18  1:15  SCV  
  19  1:22  Refinery  
  19  1:26  Supply Depot  
  19  1:30  SCV  
  19  1:31  Marine  
  21  1:41  Barracks Tech Lab  
  21  1:45  Barracks  
  21  1:50  SCV  
  22  1:56  Marine  
  23  2:02  SCV  
  23  2:04  Marauder  
  23  2:07  Concussive Shells  
  26  2:14  Marine  
  26  2:15  SCV  
  28  2:23  Supply Depot  
  28  2:27  SCV  
  29  2:32  Barracks Tech Lab  
  31  2:37  Marauder  
  31  2:44  Marine, SCV  
  31  2:51  Combat Shields  
  33  2:57  Stimpack  
  33  3:05  Supply Depot  
  33  3:06  SCV  
  33  3:09  Marine  
  35  3:31  Marauder x2, Marine  
  40  3:35  Orbital Command  
  40  3:49  Marine  
  41  4:04  Command Center  
  41  4:08  Marauder  
  43  4:10  Marine x2  
  45  4:33  Supply Depot  
  45  4:34  Supply Depot, Factory  
  38  5:04  Marauder x2, Marine  
  41  5:09  SCV  
  42  5:16  Orbital Command  
  42  5:21  SCV  
  43  5:22  Marine  
  43  5:25  Marine x2  
  46  5:29  Starport, Factory Reactor  
  46  5:33  SCV  
  47  5:39  Marine  
  48  5:43  Marine x2  
  48  5:48  Engineering Bay  
  50  5:57  Marine  
  50  6:01  Marine x2  
  53  6:15  Marine  
  53  6:17  Missile Turret x2  
  54  6:18  Marine  
  54  6:19  Medivac x2, Marine  
  54  6:23  Missile Turret  
  60  6:33  Marine  
  60  6:36  Terran Infantry Weapons Level 1  
  60  6:37  Marauder, Factory Reactor  
  60  6:38  Barracks  
  63  6:44  SCV x2  
  65  6:53  Barracks Reactor  
  65  6:56  SCV x2  
  65  6:58  Supply Depot  
  67  7:08  SCV  
  68  7:17  Marauder x2  
  72  7:23  Supply Depot  
  72  7:36  Medivac x2  
  76  7:38  Marine x2  
  76  7:40  Marine x3  
  81  7:56  Marine  
  81  7:57  Marauder  
  81  7:58  Marine  
  85  8:07  Marine  
  85  8:12  Medivac x2  
  90  8:14  Marauder  
  90  8:16  Supply Depot  
  90  8:18  Marauder  
  94  8:20  Supply Depot  
  94  8:28  Widow Mine x2  
  94  8:31  Missile Turret  
  93  8:42  Medivac  
  93  8:43  SCV x2  
  93  8:46  Refinery  
  93  8:47  Refinery  
  97  8:55  SCV x2  
  98  8:56  Widow Mine  
  101  9:07  SCV x2  
  103  9:12  Medivac x2  
  107  9:17  Engineering Bay  
  107  9:20  Armory  
  82  10:04  Marauder, Marine x4  
Tags
 
Add a new tag
Caveats
  • Supply blocks, unpowered buildings, or Contaminate may cause inaccurate times.
  • Supply counts are checked every 10 seconds.